 Dungeon Crawl Stone Soup version 0.31.0-32-g396128a36d (webtiles) character file.

Game seed: 14420323781071846967

126 PaiMei the Grave Robber (level 4, -2/33 HPs)
             Began as a Demonspawn Necromancer on Apr 1, 2024.
             Slain by an ice beast (9 damage)
             ... on level 4 of the Dungeon.
             The game lasted 00:04:06 (3066 turns).

PaiMei the Grave Robber (Demonspawn Necromancer)    Turns: 3066, Time: 00:04:06

Health: -2/33      AC:  2    Str:  8    XL:     4   Next: 84%
Magic:  1/8        EV: 12    Int: 18    God:
Gold:   207        SH:  0    Dex: 13    Spells: 4/8 levels left

rFire   . . .        c - +0 short sword
rCold   . . .        (no shield)
rNeg    . . .        a - +0 robe
rPois   .            (helmet restricted)
rElec   .            (no cloak)
rCorr   .            (no gloves)
SInv    .            (no boots)
Will    .....        (no amulet)
Stlth   ++           (no ring)
HPRegen 0.25/turn    (no ring)
MPRegen 0.11/turn

%: no passive effects
@: no status effects
A: antennae 1, foul stench 1
a: no special abilities


You were on level 4 of the Dungeon.
You visited 1 branch of the dungeon, and saw 4 of its levels.

You collected 207 gold pieces.

Inventory:

Hand Weapons
 c - a +0 short sword (weapon)
Missiles
 l - 4 darts of dispersal (quivered)
Armour
 a - a +0 robe (worn)
Jewellery
 n - an amulet of faith
Scrolls
 d - 5 scrolls of identify {unknown}
 e - a scroll of torment {unknown}
 f - a scroll of enchant weapon {unknown}
 k - 2 scrolls of blinking {unknown}
 m - a scroll of fear {unknown}
Potions
 b - a potion of magic
 g - a potion of ambrosia {unknown}
 h - a potion of attraction {unknown}
 i - a potion of might {unknown}
 j - a potion of enlightenment {unknown}


   Skills:
 + Level 1.8 Fighting
 + Level 2.7 Dodging
 - Level 2.0 Stealth
 + Level 2.8 Spellcasting
 + Level 5.1 Necromancy


You had 4 spell levels left.
You knew the following spells:

 Your Spells              Type           Power      Damage    Failure   Level
a - Necrotise             Necr           84%        1d8       1%          1
b - Vampiric Draining     Necr           21%        2d7       6%          3

Your spell library contained the following spells:

 Spells                   Type           Power      Damage    Failure   Level
 Animate Dead             Necr           21%        N/A       21%         4
 Curse of Agony           Necr           21%        N/A       50%         5


Dungeon Overview and Level Annotations

Branches:
Dungeon (4/15)
 Temple: D:4-7

Altars:


Innate Abilities, Weirdness & Mutations

You have a pair of small antennae on your head.
You may rarely emit foul miasma when damaged in melee.


Message History

Press: ? - help, Shift-Dir - straight line, f/p - ice beast
Aim: an ice beast (moderately wounded, chance to affect: 80%)
The ice beast writhes in agony!
Casting: Necrotise (safe; 1% risk of failure)
Confirm with . or Enter, or press ? or * to list all spells.
Aiming: Necrotise (safe; 1% risk of failure)
Press: ? - help, Shift-Dir - straight line, f/p - ice beast
Aim: an ice beast (heavily wounded, chance to affect: 80%)
The ice beast barely resists.
Casting: Necrotise (safe; 1% risk of failure)
Confirm with . or Enter, or press ? or * to list all spells.
Aiming: Vampiric Draining (dangerous; 6% risk of failure)
Press: ? - help, Shift-Dir - straight line, f/p - ice beast
Aim: an ice beast (heavily wounded)
You draw life force from the ice beast!
The ice beast barely misses you.
You hit the ice beast but do no damage.
The ice beast is severely wounded.
The ice beast hits you. The ice beast freezes you!
You hit the ice beast but do no damage.
The ice beast is severely wounded.
The ice beast hits you. The ice beast freezes you!
* * * LOW HITPOINT WARNING * * *
Casting: Vampiric Draining (dangerous; 6% risk of failure)
Confirm with . or Enter, or press ? or * to list all spells.
You don't have enough magic to cast this spell.
Casting: Vampiric Draining (dangerous; 6% risk of failure)
Confirm with . or Enter, or press ? or * to list all spells.
Aiming: Necrotise (safe; 1% risk of failure)
Press: ? - help, Shift-Dir - straight line, f/p - ice beast
Aim: an ice beast (severely wounded, chance to affect: 80%)
The ice beast writhes in agony.
The ice beast closely misses you.
Casting: Necrotise (safe; 1% risk of failure)
Confirm with . or Enter, or press ? or * to list all spells.
You don't have enough magic to cast this spell.
You hit the ice beast but do no damage.
The ice beast is almost dead.
The ice beast hits you.
* * * LOW HITPOINT WARNING * * *
The ice beast freezes you!
You die...

#### # ..##. .... ...
############## #)# .
.##[#..#.........###)##.
......Y@...#........)...
...........#............
.##.####..###..##.##.###
# #..###..##.##.##.
...#.....#....)..
....#.....+.......
.....#.....#.......
......#....##....##.
...B...#....##....##.


You could see an ice beast.

Vanquished Creatures
  An orc priest (D:4)
  4 adders (D:2)
  A dart slug (D:1)
  A ribbon worm (D:2)
  3 orcs (D:4)
  4 ball pythons
  4 bats
  3 endoplasms (D:2)
  3 giant cockroaches
  4 goblins
  3 hobgoblins
  6 jackals
  4 kobolds (D:2)
  A quokka (D:1)
  3 frilled lizards (D:1)
  5 rats
50 creatures vanquished.

Vanquished Creatures (collateral kills)
  An endoplasm (D:1)
1 creature vanquished.

Grand Total: 51 creatures vanquished

Notes
Turn   | Place    | Note
-------+----------+-------------------------------------------
     0 | D:1      | PaiMei the Demonspawn Necromancer began the quest for the
                  | Orb.
     0 | D:1      | Reached XP level 1. HP: 13/13 MP: 3/3
   285 | D:1      | Gained mutation: You may rarely emit foul miasma when
                  | damaged in melee. [demonic ancestry]
   285 | D:1      | Reached XP level 2. HP: 19/19 MP: 0/5
  1360 | D:2      | Reached XP level 3. HP: 25/25 MP: 3/6
  1364 | D:2      | Learned a level 3 spell: Vampiric Draining
  1428 | D:2      | Reached skill level 1 in Fighting
  1807 | D:2      | Gained mutation: You have a pair of small antennae on your
                  | head. [demonic ancestry]
  1807 | D:2      | Reached XP level 4. HP: 32/32 MP: 5/7
  2371 | D:3      | Reached skill level 5 in Necromancy
  3033 | D:4      | Noticed an ice beast
  3066 | D:4      | Slain by an ice beast

Illustrated notes

Levels and vault maps discovered:
D:1:      grunt_arrival_crossed_arrows, layout_basic
D:2:      layout_loops_ring, amethyst_killhole, kennysheep_generic_room_4
D:3:      layout_loops_ring
D:4:      layout_gridville, nicolae_shop_clearance, uniq_blork_the_orc

Skill      XL: |  1  2  3  4 |
---------------+-------------+-----
Dodging        | 2 |  2.7
Stealth        | 2 |  2.0
Fighting       | 1 |  1.8
Necromancy     | 5 |  5.1
Spellcasting   | |  2.8

Action                     |  1- 3 |  4- 6 || total
---------------------------+-------+-------++-------
  Melee: Short sword       |     6 |     4 ||    10
         Punch             |     1 |       ||     1
   Cast: Necrotise         |    64 |    34 ||    98
         Vampiric Draining |       |     1 ||     1
 Armour: Robe              |     8 |     6 ||    14
  Dodge: Dodged            |    17 |     7 ||    24
